 Dungeon Sprint DCSS version 0.18.1-8-gdd0e5ea (webtiles) character file.

1769 Hipnos the Martial Artist (level 9, -18/58 HPs)
             Began as an Octopode Transmuter on May 21, 2016.
             Was a High Priest of Sif Muna.
             Demolished by a deep troll (26 damage)
             ... in the Dungeon (Sprint I: "Red Sonja").
             The game lasted 00:07:34 (1495 turns).

Hipnos the Martial Artist (Octopode Transmuter)     Turns: 1495, Time: 00:07:34

Health: -18/58     AC:  1    Str: 10    XL:     9   Next: 7%
Magic:  5/21       EV: 17    Int: 18    God:    Sif Muna [*****.]
Gold:   197        SH:  0    Dex: 12    Spells: 5 memorised, 9 levels left

rFire  . . .     SeeInvis .       - Unarmed
rCold  . . .     Gourm    .     (shield currently unavailable)
rNeg   . . .     Faith    .     (helmet restricted)
rPois  .         Spirit   .     (no amulet)
rElec  .         Dismiss  .     j - +3 ring of evasion
rCorr  .         Reflect  .     (no ring)
SustAt .         Harm     .     (no ring)
MR     .....     NoTele   +     (no ring)
Stlth  ++........               (no ring)
                                (no ring)
                                (no ring)
                                (no ring)

@: blade tentacles (expiring), not resistant to hostile enchantments, unstealthy
A: almost no armour, amphibious, 8 rings, constrict 8, camouflage 1, gelatinous
body 1
a: End Transformation, Channel Energy, Forget Spell, Renounce Religion


You were in the Dungeon.
You worshipped Sif Muna.
Sif Muna was extremely pleased with you.
You were not hungry.
You had blades for tentacles.
You visited 1 branch You collected 717 gold pieces.
You spent 520 gold pieces at shops.

Inventory:

Missiles
 a - 6 arrows
Jewellery
 j - a +3 ring of evasion (left scythe-like blade)
Scrolls
 e - 2 scrolls of remove curse {unknown}
 i - a scroll of blinking
Potions
 c - a potion of cure mutation {unknown}
 d - 4 potions of curing
 f - a potion of haste
 g - a potion of magic
 h - a potion of cancellation {unknown}
Books
 b - a book of Changes

   Spells                             Type                      Level
   a - Beastly Appendage              Transmutation                1
   b - Sticks to Snakes               Transmutation                2
   c - Spider Form                    Transmutation/Poison         3
   d - Ice Form                       Ice/Transmutation            4
   e - Blade Hands                    Transmutation                5


   Skills:
 + Level 3.7 Fighting
 + Level 6.0 Dodging
 * Level 11.8 Unarmed Combat
 + Level 8.4 Spellcasting
 * Level 11.6 Transmutations
 - Level 0.5 Poison Magic


You had 9 spell levels left.
You knew the following spells:

 Your Spells              Type           Power        Failure   Level  Hunger
a - Beastly Appendage     Trmt           #####.       8%          1    None
b - Sticks to Snakes      Trmt           #####...     8%          2    None
c - Spider Form           Trmt/Pois      ####......   24%         3    None
d - Ice Form              Ice/Trmt       ####....     50%         4    ###....
e - Blade Hands           Trmt           #####.....   24%         5    #####..


Dungeon Overview and Level Annotations

Branches:
Dungeon (1/1)

Altars:
Cheibriados
Dithmenos
Elyvilon
Fedhas
Gozag
Kikubaaqudgha
Makhleb
Nemelex Xobeh
Okawaru
Pakellas
Qazlal
Ru
Sif Muna
Trog
Vehumet
Xom
Yredelemnul
Zin
The Shining One
Jiyva

Shops:
D ??


Innate Abilities, Weirdness & Mutations

You cannot wear most types of armour.
You are amphibious.
You can wear up to eight rings at the same time.
You can use your tentacles to constrict eight enemies at once.
Your skin changes colour to match your surroundings (Stealth).
Your rubbery body absorbs attacks (AC +1).


Message History

You slash the deep troll! Your squeeze misses the deep troll.
The deep troll is severely wounded.
The deep troll bites you! The deep troll closely misses you.
The deep troll claws you!
* * * LOW HITPOINT WARNING * * *
Drink which item? (? for menu, Esc to quit)
Okay, then.
You slash the deep troll!
You squeeze the deep troll, but do no damage.
The deep troll is almost dead.
You closely miss the deep troll.
The deep troll is almost dead.
The deep troll bites you.
* * * LOW HITPOINT WARNING * * *
The deep troll barely misses you. The deep troll completely misses you.
You hit the deep troll but do no damage.
You slash the deep troll, but do no damage.
The deep troll is almost dead.
The deep troll bites you!!
You die...

#..#####'#####'#__####)..+
#..####..#...#.#### #####
#..#__####..##.#
#..#_.___##'#..+
#⌠⌠#_.∩...'.)._#
####_..._##_(#'#
#_____###'#.#
############.####+###
#∩........'...'@T.$$+
###++++####...#######
###.### #.#'#.# #.....#
#...[.# #######


You could see a deep troll.

Vanquished Creatures
  Sonja (D)
  2 kobold demonologists (D)
  A slime creature (D)
  Sigmund (D)
  A yak (D)
  A giant eyeball (D)
  An ogre (D)
  A jelly (D)
  Ijyb (D)
  3 ballistomycetes (D)
13 creatures vanquished.

Vanquished Creatures (others)
  A gargoyle (D)
  2 giant spores (D)
3 creatures vanquished.

Grand Total: 16 creatures vanquished

Notes
Turn   | Place    | Note
--------------------------------------------------------------
     0 | D        | Hipnos the Octopode Transmuter began the quest for the Orb.
     0 | D        | Reached XP level 1. HP: 13/13 MP: 3/3
     2 | D        | Noticed Ijyb
     7 | D        | Killed Ijyb
     7 | D        | Reached skill level 5 in Unarmed Combat
     7 | D        | Reached XP level 2. HP: 12/18 MP: 2/5
     7 | D        | Reached XP level 3. HP: 16/23 MP: 2/7
    16 | D        | Learned a level 2 spell: Sticks to Snakes
    20 | D        | Learned a level 3 spell: Spider Form
   105 | D        | Noticed an ogre
   109 | D        | HP: 1/23 [ogre/giant club (22)]
   140 | D        | Killed an ogre
   140 | D        | Reached XP level 4. HP: 6/28 MP: 0/9
   159 | D        | Learned a level 4 spell: Ice Form
   376 | D        | Noticed Sigmund
   385 | D        | Killed Sigmund
   385 | D        | Reached XP level 5. HP: 16/33 MP: 8/12
   385 | D        | Reached XP level 6. HP: 18/38 MP: 8/13
   557 | D        | Found a deep blue altar of Sif Muna.
   559 | D        | Found a radiant altar of Vehumet.
   564 | D        | Became a worshipper of Sif Muna the Loreminder
   565 | D        | Reached skill level 5 in Spellcasting
   603 | D        | Found Ruxim's Magic Scroll Emporium.
   603 | D        | Found a white marble altar of Elyvilon.
   603 | D        | Found a stormy altar of Qazlal.
   603 | D        | Found a burning altar of Makhleb.
   603 | D        | Found a sacrificial altar of Ru.
   603 | D        | Found an oddly glowing altar of Pakellas.
   603 | D        | Found a basalt altar of Yredelemnul.
   603 | D        | Found a glowing golden altar of the Shining One.
   603 | D        | Found a sparkling altar of Nemelex Xobeh.
   603 | D        | Found a shimmering altar of Xom.
   603 | D        | Found an opulent altar of Gozag.
   603 | D        | Found an ancient bone altar of Kikubaaqudgha.
   603 | D        | Found a glowing silver altar of Zin.
   603 | D        | Noticed a yak
   604 | D        | Found an iron altar of Okawaru.
   611 | D        | Killed a yak
   611 | D        | Reached * piety under Sif Muna
   615 | D        | Found a bloodstained altar of Trog.
   740 | D        | Found a snail-covered altar of Cheibriados.
   740 | D        | Found a viscous altar of Jiyva.
   740 | D        | Found a shadowy altar of Dithmenos.
   740 | D        | Found a blossoming altar of Fedhas.
   740 | D        | Noticed a slime creature
   763 | D        | Killed a slime creature
   763 | D        | Reached ** piety under Sif Muna
   763 | D        | Reached skill level 10 in Unarmed Combat
   763 | D        | Reached XP level 7. HP: 10/45 MP: 13/16
  1030 | D        | Noticed Sonja
  1039 | D        | Killed Sonja
  1039 | D        | Reached *** piety under Sif Muna
  1039 | D        | Reached skill level 5 in Dodging
  1039 | D        | Reached skill level 10 in Transmutations
  1039 | D        | Reached XP level 8. HP: 27/51 MP: 13/19
  1272 | D        | Found Kuunoira's Magic Scroll Boutique.
  1280 | D        | Bought a scroll of acquirement for 520 gold pieces
  1305 | D        | Learned a level 5 spell: Blade Hands
  1454 | D        | Noticed a kobold demonologist
  1455 | D        | Noticed a kobold demonologist
  1459 | D        | Reached **** piety under Sif Muna
  1460 | D        | Killed a kobold demonologist
  1464 | D        | Killed a kobold demonologist
  1464 | D        | Reached ***** piety under Sif Muna
  1464 | D        | Reached XP level 9. HP: 49/58 MP: 15/21
  1485 | D        | Noticed a deep troll
  1492 | D        | Killed a gargoyle
  1495 | D        | Demolished by a deep troll

Skill      XL: |  1  2  3  4  5  6  7  8 |
---------------+-------------------------+-----
Unarmed Combat | 5 6 8 10 11 | 11.8
Dodging        | 3 4 5 6 |  6.0
Spellcasting   | 3 4 6 7 8 |  8.4
Transmutations | 4 6 8 10 11 | 11.6
Fighting       | 2 3 |  3.7
Poison Magic   | |  0.5

Action                   |  1- 3 |  4- 6 |  7- 9 || total
-------------------------+-------+-------+-------++-------
Melee: Unarmed           |     6 |    23 |    29 ||    58
       Tentacles         |     3 |       |     1 ||     4
       Kick              |     2 |       |       ||     2
       Constrict         |     1 |       |     1 ||     2
       Punch             |       |     1 |     1 ||     2
 Cast: Beastly Appendage |     2 |       |       ||     2
       Sticks to Snakes  |     6 |       |       ||     6
       Spider Form       |       |     4 |       ||     4
       Ice Form          |       |       |     2 ||     2
       Blade Hands       |       |       |     2 ||     2
  Use: Potion            |     2 |     1 |       ||     3
       Scroll            |       |       |     1 ||     1
 Stab: Sleeping          |       |     1 |     1 ||     2
  Eat: Bread ration      |       |       |     1 ||     1
Armor: Skin              |       |       |     4 ||     4
Dodge: Dodged            |     3 |    13 |    20 ||    36
